Unix NetHack Version 5.0.0-0 post-release - last build Jul 19 2026 19:10:59 (3aa4ab31751d3886436d94b585a96704892fd477,branch:main).

Game began 2026-07-26 09:31:17, ended 2026-07-26 09:46:44.

LDaviesPeters, neutral female human Archeologist

                                                     -------        ----------
                                                     |.....|        |........|
                                                     |..<..|        |........|
                                                     |.....|      ##-...*(...|
                                                     |......####### ------.---
                                                     |.....|###          ##
                                                     ......|# #          #
                                                  ## -----.-#####       ##
                                                   ########## #    ---.-|--
                                                  ######      #    +......|
                                                     #        ##   |......|
                                                    ##        ##----......|
                                                    #         ##.......----
                                                #####          #|......|
                                             ---.--------    `##|......|
                                             ..:@f_.....|       --------
                                             |.[..).[...|
                                             |....>.....|
                                             ------------

LDaviesPeters the Field Worker  St:10 Dx:14 Co:12 In:18 Wi:15 Ch:7  Neutral
Dlvl:5  $:0  HP:0(27) Pw:11(11) AC:5  Xp:3 T:1906 

Latest messages:
 i - a scroll of remove curse.
 q - 2 scrolls of scare monster.
 m - a clear potion.
 s - an effervescent potion.
 l - a golden potion.
 You cannot drop something you are wearing.
 There is a black flash as an unlabeled scroll hits the altar.
 A scroll of remove curse lands on the altar.
 A clear potion lands on the altar.
 There is an amber flash as an effervescent potion hits the altar.
 There is a black flash as a golden potion hits the altar.
 n - a cursed unlabeled scroll.
 i - an uncursed scroll of remove curse.
 m - an uncursed clear potion.
 s - a blessed effervescent potion.
 l - a cursed golden potion.
 What do you want to use or apply? [abfgkp or ?*] b
 You put a cursed unlabeled scroll into the sack.
 You put an uncursed scroll of remove curse into the sack.
 You put 2 scrolls of scare monster into the sack.
 You put an uncursed clear potion into the sack.
 You put a cursed golden potion into the sack.
 The homunculus just misses!
 You lash the homunculus.
 The homunculus bites!
 You are put to sleep by the homunculus!
 You wake up.
 You miss the homunculus.
 The homunculus bites!
 You swap places with your kitten.
 The kitten misses it.
 The kitten misses it.
 The kitten misses it.
 You miss the homunculus.
 The homunculus bites!
 You avoid harm.
 You miss the homunculus.
 The homunculus bites!
 The newt bites!
 The kitten bites the homunculus.
 The homunculus bites the kitten.
 You lash the homunculus.
 The homunculus bites!
 You miss the homunculus.
 The homunculus bites!
 You avoid harm.
 You kill the homunculus!
 The newt bites!
 You die...
 Do you want your possessions identified? [ynq] (y) q

Inventory:
 Weapons  (')')
  a - a +2 bullwhip (weapon in right hand)
 Armor    ('[')
  c - an uncursed +0 fedora (being worn)
  x - a blessed +0 elven mithril-coat (being worn)
 Comestibles  ('%')
  A - an uncursed carrot
  d - 4 uncursed food rations
  o - an uncursed melon
 Potions  ('!')
  s - a blessed potion of fruit juice
 Rings    ('=')
  F - an uncursed ring of polymorph control (on left hand)
 Tools    ('(')
  b - an uncursed sack containing 8 items
  p - a +0 pick-axe (alternate weapon; not wielded)
  k - an uncursed skeleton key
  f - a tinning kit (0:44)
 Gems/Stones  ('*')
  z - an uncursed opal
  g - an uncursed touchstone

Contents of the sack:
  168 gold pieces
  a cursed scroll of blank paper
  2 uncursed scrolls of enchant weapon
  an uncursed scroll of remove curse
  2 uncursed scrolls of scare monster
  an uncursed potion of water
  a cursed potion of polymorph
  a cursed ring of hunger named Cursed

LDaviesPeters the Archeologist's attributes:

Background:
 You were a Field Worker, a level 3 female human Archeologist.
 You were neutral, on a mission for Camaxtli
 who was opposed by Quetzalcoatl (lawful) and Huhetotl (chaotic).
 You were right-handed.
 You were in the Dungeons of Doom, on level 5.
 You entered the dungeon 1906 turns ago.
 You had 63 experience points, 17 more were needed to attain level 4.

Basics:
 You had 0 out of 27 hit points.
 You had all 11 energy points (spell power).
 Your armor class was 5.
 Your wallet was empty, but
 you had 168 zorkmids stashed away in your pack.
 Autopickup was off.

Final Characteristics:
 Your strength was 10 (limit:18/100).
 Your dexterity was 14 (limit:18).
 Your constitution was 12 (limit:18).
 Your intelligence was 18 (limit:18).
 Your wisdom was 15 (limit:18).
 Your charisma was 7 (limit:18).

Final Status:
 You weren't hungry.
 You were unencumbered.
 You were wielding a whip.
 You had basic skill with whip.

Final Attributes:
 You were devoutly aligned.
 You had automatic searching.
 You were guarded.
 You had polymorph control.
 You were lucky.
 You are dead.

Miscellaneous:
 You didn't encounter any bones levels.
 Total elapsed playing time was 15 minutes and 27 seconds.

Major events:
 Turn
    1: LDaviesPeters the neutral female human Archeologist entered the dungeon
  502: entered the Gnomish Mines
 1752: attained the rank of Field Worker (level 3)
 1906: killed by a newt

You didn't know any spells.

Skills:
 Fighting Skills
   bare handed combat [Unskilled]
   two weapon combat  [Unskilled]
   riding             [Unskilled]
 Weapon Skills
   dagger             [Unskilled]
   knife              [Unskilled]
   pick-axe           [Basic]
   short sword        [Unskilled]
   saber              [Unskilled]
   club               [Unskilled]
   quarterstaff       [Unskilled]
   sling              [Unskilled]
   dart               [Unskilled]
   boomerang          [Unskilled]
   whip               [Basic]
   unicorn horn       [Unskilled]
 Spellcasting Skills
   attack spells      [Unskilled]
   healing spells     [Unskilled]
   divination spells  [Unskilled]
   matter spells      [Unskilled]

Voluntary challenges:
 Character rerolling was not enabled.
 You never genocided any monsters.
 You never polymorphed an object.
 You never changed form.
 You used no wishes.
Achievements:
 You entered the Gnomish Mines.
 You attained the rank of Field Worker.

 The Dungeons of Doom: levels 1 to 6
    Level 1:
       Many fountains.
    Level 2:
       Stairs down to The Gnomish Mines.
    Level 3:
       A fountain.
    Level 4:
       Many fountains.
    Level 5: <- You were here.
       An altar.
       Final resting place for
          you, killed by a newt.
    Level 6:
 The Gnomish Mines:
    Level 3:


Vanquished creatures:
  2 homunculi
  2 hill orcs
  a wererat
 an iguana
  a hobbit
  2 giant rats
  a gecko
  6 jackals
  a fox
  a goblin
  4 sewer rats
  2 grid bugs
  2 lichens
  3 newts
29 creatures vanquished.

No species were genocided or became extinct.

Game over:
                       ----------
                      /          \
                     /    REST    \
                    /      IN      \
                   /     PEACE      \
                  /                  \
                  |  LDaviesPeters   |
                  |      168 Au      |
                  | killed by a newt |
                  |                  |
                  |                  |
                  |                  |
                  |       2026       |
                 *|     *  *  *      | *
        _________)/\\_//(\/(/\)/\//\/|_)_______

Goodbye LDaviesPeters the Archeologist...

You died in The Dungeons of Doom on dungeon level 5 with 654 points,
and 168 pieces of gold, after 1906 moves.
You were level 3 with a maximum of 27 hit points when you died.

